 Dungeon Crawl Stone Soup version 0.30-a0-782-ge64f9170bb (webtiles) character file.

Game seed: 6722935603450346844

21 senseless the Trooper (level 2, 0/24 HPs)
             Began as a Demonspawn Berserker on Mar 1, 2023.
             Was a Follower of Trog.
             Slain by a goblin
             ... wielding a +0 club
             ... led by Robin
              (1 damage)
             ... on level 2 of the Dungeon.
             The game lasted 00:02:31 (1001 turns).

senseless the Trooper (Demonspawn Berserker)        Turns: 1001, Time: 00:02:32

Health: 0/24       AC:  4    Str: 23    XL:     2   Next: 62%
Magic:  2/2        EV: 12    Int:  8    God:    Trog [*.....]
Gold:   17         SH:  0    Dex: 12    Spells: 1/1 levels left

rFire   . . .      SeeInvis .    a - +1 mace
rCold   . . .      Faith    .    (no shield)
rNeg    . . .      Spirit   .    b - +1 animal skin
rPois   .          Reflect  .    (helmet restricted)
rElec   .          Harm     .    f - scarf {repulsion}
rCorr   .          Rampage  .    (no gloves)
Will    .....      Rnd*Tele +    (no boots)
Stlth   +                        (no amulet)
HPRegen 0.24/turn                c - +6 ring of strength
MPRegen 0.08/turn                (no ring)

@: on berserk cooldown, slowed, repel missiles, very slow
A: slimy green scales 1, antennae 1, deformed body, teleportitis 1, MP-powered
wands
a: Renounce Religion, Berserk


You were on level 2 of the Dungeon.
You worshipped Trog.
Trog was aware of your devotion.
You visited 1 branch of the dungeon, and saw 2 of its levels.

You collected 17 gold pieces.

Inventory:

Hand Weapons
 a - a +1 mace (weapon)
Armour
 b - a +1 animal skin (worn)
 f - a scarf of repulsion (worn)
Jewellery
 c - a +6 ring of strength (left hand)
Potions
 d - a potion of heal wounds {unknown}


   Skills:
 + Level 3.4 Fighting
 + Level 3.1 Maces & Flails
 + Level 1.8 Armour
 + Level 1.9 Dodging


You had one spell level left.
You didn't know any spells.
Your spell library was empty.

Dungeon Overview and Level Annotations

Branches:
Dungeon (2/15)

Altars:

Shops:
D:1 :

Annotations:
D:2 Robin


Innate Abilities, Weirdness & Mutations

You are partially covered in slimy green scales. (AC +2)
You have a pair of small antennae on your head.
Armour fits poorly on your strangely shaped body.
You are occasionally teleported next to monsters.
You expend magic power (3 MP) to strengthen your wands.


Message History

Trog accepts your kill. The goblin closely misses you.
You thump the goblin!
You kill the goblin!
Trog accepts your kill.
You barely miss the hobgoblin.
The hobgoblin no longer looks unusually strong.
The goblin no longer looks unusually strong.
A jackal comes into view.
The hobgoblin barely misses you.
A goblin comes into view. It is wielding a +0 club.
You sock the hobgoblin!
You kill the hobgoblin!
Trog accepts your kill. Robin throws the goblin at you!
You bludgeon the goblin!!
You kill the goblin!
Trog accepts your kill. The goblin barely misses you.
You hit the goblin.
You kill the goblin!
Trog accepts your kill.
The goblin no longer looks unusually strong.
Robin throws the goblin at you!
The goblin shouts!
You sock the jackal!
You kill the jackal!
Trog accepts your kill.
You barely miss the goblin. The goblin hits you with a +0 club.
* * * LOW HITPOINT WARNING * * *
The jackal closely misses you.
You closely miss the goblin.
You are no longer berserk.
You are exhausted.
You feel yourself slow down.
The goblin no longer looks unusually strong.
The jackal bites you.
* * * LOW HITPOINT WARNING * * *
The goblin hits you with a +0 club.
You die...

#......# #.#.##.#
#.#.##.# #...##.#
#..###.# #..###.#
#......#
##.#########h###.
#.)....g@hgg.h..
###########g#.#.


You could see Robin, 3 jackals and 3 goblins.

Vanquished Creatures
  3 ball pythons
  An endoplasm (D:1)
  7 goblins (D:2)
  2 hobgoblins (D:2)
  A jackal (D:2)
  A bat (D:1)
  2 kobolds (D:1)
  A rat (D:1)
18 creatures vanquished.

Notes
Turn   | Place    | Note
-------+----------+-------------------------------------------
     0 | D:1      | senseless the Demonspawn Berserker began the quest for the
                  | Orb.
     0 | D:1      | Reached XP level 1. HP: 18/18 MP: 1/1
    55 | D:1      | Found Giziodd's Book Shop.
   863 | D:2      | Gained mutation: You expend magic power (3 MP) to
                  | strengthen your wands. [potion of mutation]
   863 | D:2      | Gained mutation: You are clumsy. (Dex -2) [potion of
                  | mutation]
   864 | D:2      | Lost mutation: You are clumsy. (Dex -2) [potion of
                  | mutation]
   864 | D:2      | Lost mutation: You expend magic power (3 MP) to strengthen
                  | your wands. [potion of mutation]
   864 | D:2      | Gained mutation: You expend magic power (3 MP) to
                  | strengthen your wands. [potion of mutation]
   864 | D:2      | Gained mutation: Armour fits poorly on your strangely
                  | shaped body. [potion of mutation]
   864 | D:2      | Gained mutation: You are occasionally teleported next to
                  | monsters. [potion of mutation]
   864 | D:2      | Gained mutation: You have a pair of small antennae on your
                  | head. [potion of mutation]
   956 | D:2      | Gained mutation: You are partially covered in slimy green
                  | scales. (AC +2) [demonic ancestry]
   956 | D:2      | Reached XP level 2. HP: 24/24 MP: 2/2
   980 | D:2      | Noticed Robin
  1001 | D:2      | HP: 1/24 [jackal (1)]
  1001 | D:2      | Slain by a goblin

Illustrated notes

Levels and vault maps discovered:
D:1:      lemuel_arrival_cross, layout_loops_corners, serial_shops,
          nicolae_shop_crystal
D:2:      layout_loops_cross, uniq_robin

Skill      XL: |  1  2 |
---------------+-------+-----
Maces & Flails | 3 |  3.1
Fighting       | |  3.4
Armour         | |  1.8
Dodging        | |  1.9

Action                     || total
---------------------------++-------
  Melee: Mace              ||    41
 Invoke: Berserk           ||     1
    Use: Scroll            ||     4
         Potion            ||     2
 Armour: Animal skin       ||    11
  Dodge: Dodged            ||    27

Table legend: (Time is in decaauts)
 A = Elapsed time spent in this place.
 B = Non-inter-level travel time spent in this place.
 C = Inter-level travel time spent in this place.
 D = Time resting spent in this place.
 E = Time spent auto-exploring this place.
 F = Levels seen in this place.
 G = Mean time per level.
                   A        B        C        D        E       F      G
               +--------+--------+--------+--------+--------+-----+--------+
         Total |   1005 |    988 |     17 |      0 |    867 |   2 |  502.5 |
       Dungeon |   1005 |    988 |     17 |      0 |    867 |   2 |  502.5 |
               +--------+--------+--------+--------+--------+-----+--------+

Top non-repeatable levels by time:
     D:1: 861 daAuts
     D:2: 143 daAuts
